TOP OF THE 1ST |
Pittsburgh Killa Beez batting - Pitching for Fremont Cyclones : RHP Larry Johnston
|
Pitching: RHP Larry Johnston
|
|
Batting: RHB Stan Taylor
|
0-0: Ball 1-0: Swinging Strike 1-1: Swinging Strike 1-2: Ball 2-2: Ball 3-2: Foul Ball, location: 2F 3-2: Fly out, F8 (Flyball, 8LS)
|
Batting: RHB Jorge Barbosa
|
0-0: Called Strike 0-1: Ball 1-1: Ball 2-1: Swinging Strike 2-2: Strikes out swinging
|
Batting: LHB Richard Hinkle
|
0-0: DOUBLE (Flyball, 78D)
|
Batting: SHB Juan Glaviz
|
0-0: Swinging Strike 0-1: Ball 1-1: Foul Ball, location: 2F 1-2: Hit by Pitch
|
Batting: RHB Ricardo Rodríguez
|
0-0: Ball 1-0: Ball Wild Pitch! Richard Hinkle to third Juan Glaviz to second 2-0: Ball 3-0: Called Strike 3-1: Ground out 6-3 (Groundball, 6M)
|
Top of the 1st over - 0 run(s), 1 hit(s), 0 error(s), 2 left on base; Pittsburgh 0 - Fremont 0 |
BOTTOM OF THE 1ST |
Fremont Cyclones batting - Pitching for Pittsburgh Killa Beez : LHP António Ruíz
|
Pitching: LHP António Ruíz
|
|
Batting: RHB Pablo Pineda
|
0-0: Ball 1-0: Called Strike 1-1: Ball 2-1: Ball 3-1: Base on Balls
|
Batting: RHB Robinson Fernández
|
0-0: Called Strike 0-1: Swinging Strike 0-2: Strikes out swinging
|
Batting: LHB Ernesto Hernández
|
0-0: Foul Ball, location: 2F 0-1: Ball 1-1: Foul Ball, location: 2F 1-2: Ball 2-2: Fly out, F7 (Flyball, 78M)
|
Batting: LHB Justin Holland
|
0-0: Ball 1-0: Ball 2-0: Called Strike 2-1: SINGLE (Line Drive, 8RS) Pablo Pineda to second
|
Batting: RHB Brian Stewart
|
0-0: Ball 1-0: Ball 2-0: Called Strike 2-1: Ball 3-1: Base on Balls Pablo Pineda to third Justin Holland to second
|
Batting: RHB Jaime Delgado
|
0-0: Ball 1-0: Called Strike 1-1: Swinging Strike 1-2: Ball 2-2: Ball 3-2: Foul Ball, location: 2F 3-2: Foul Ball, location: 2F 3-2: Base on Balls Pablo Pineda scores Justin Holland to third Brian Stewart to second
|
Batting: RHB Nelson Burton
|
0-0: Called Strike 0-1: Called Strike 0-2: Reached on error, E5 (Groundball, 5) Justin Holland scores Brian Stewart to third Jaime Delgado to second
|
Batting: RHB Carlos Rosales
|
0-0: Foul Ball, location: 2F 0-1: Ball 1-1: Ball 2-1: Ball 3-1: Fielders Choice at 2nd, U6 (Groundball, 6M)
|
Bottom of the 1st over - 2 run(s), 1 hit(s), 1 error(s), 3 left on base; Pittsburgh 0 - Fremont 2 |
TOP OF THE 2ND |
Pittsburgh Killa Beez batting - Pitching for Fremont Cyclones : RHP Larry Johnston
|
Batting: LHB Dale Miller
|
0-0: Ball 1-0: Ball 2-0: Ball 3-0: Called Strike 3-1: Fly out, F5 (Popup, 56S)
|
Batting: RHB Fernando Vázquez
|
0-0: Swinging Strike 0-1: Ball 1-1: Fly out, F9 (Flyball, 89M)
|
Batting: RHB Kyle Baylor
|
0-0: Called Strike 0-1: Ball 1-1: Ground out 6-3 (Groundball, 6M)
|
Top of the 2nd over - 0 run(s), 0 hit(s), 0 error(s), 0 left on base; Pittsburgh 0 - Fremont 2 |
BOTTOM OF THE 2ND |
Fremont Cyclones batting - Pitching for Pittsburgh Killa Beez : LHP António Ruíz
|
Batting: SHB Arnold Moore
|
0-0: Foul Ball, location: 2F 0-1: Fly out, F8 (Flyball, 8LM)
|
Batting: RHB Pablo Pineda
|
0-0: Ball 1-0: Ball 2-0: Swinging Strike 2-1: Foul Ball, location: 2F 2-2: Ball 3-2: Strikes out looking
|
Batting: RHB Robinson Fernández
|
0-0: Ball 1-0: Ground out 4-3 (Groundball, 4MS)
|
Bottom of the 2nd over - 0 run(s), 0 hit(s), 0 error(s), 0 left on base; Pittsburgh 0 - Fremont 2 |
TOP OF THE 3RD |
Pittsburgh Killa Beez batting - Pitching for Fremont Cyclones : RHP Larry Johnston
|
Batting: RHB César Martínez
|
0-0: Ball 1-0: Called Strike 1-1: Fly out, F5 (Popup, 5S)
|
Batting: RHB Stan Taylor
|
0-0: Ball 1-0: Called Strike 1-1: Foul Ball, location: 2F 1-2: Foul Ball, location: 2F 1-2: Strikes out swinging
|
Batting: RHB Jorge Barbosa
|
0-0: Ball 1-0: Ball 2-0: Fly out, F7 (Flyball, 7S)
|
Top of the 3rd over - 0 run(s), 0 hit(s), 0 error(s), 0 left on base; Pittsburgh 0 - Fremont 2 |
BOTTOM OF THE 3RD |
Fremont Cyclones batting - Pitching for Pittsburgh Killa Beez : LHP António Ruíz
|
Batting: LHB Ernesto Hernández
|
0-0: Called Strike 0-1: Called Strike 0-2: Ball 1-2: Strikes out swinging
|
Batting: LHB Justin Holland
|
0-0: Called Strike 0-1: Fly out, F8 (Flyball, 8LS)
|
Batting: RHB Brian Stewart
|
0-0: Fly out, F8 (Flyball, 8RM)
|
Bottom of the 3rd over - 0 run(s), 0 hit(s), 0 error(s), 0 left on base; Pittsburgh 0 - Fremont 2 |
TOP OF THE 4TH |
Pittsburgh Killa Beez batting - Pitching for Fremont Cyclones : RHP Larry Johnston
|
Batting: LHB Richard Hinkle
|
0-0: Ball 1-0: Swinging Strike 1-1: Foul Ball, location: 2F 1-2: Ground out 1-3 (Groundball, 13S)
|
Batting: SHB Juan Glaviz
|
0-0: Ball 1-0: SINGLE (Groundball, 34S)
|
Batting: RHB Ricardo Rodríguez
|
0-0: Ball Juan Glaviz is caught stealing 2nd base 1-0: Called Strike 1-1: Ground out 6-3 (Groundball, 56)
|
Top of the 4th over - 0 run(s), 1 hit(s), 0 error(s), 0 left on base; Pittsburgh 0 - Fremont 2 |
BOTTOM OF THE 4TH |
Fremont Cyclones batting - Pitching for Pittsburgh Killa Beez : LHP António Ruíz
|
Batting: RHB Jaime Delgado
|
0-0: Fly out, F6 (Line Drive, 4MS)
|
Batting: RHB Nelson Burton
|
0-0: Swinging Strike 0-1: Ground out 5-3 (Groundball, 56S)
|
Batting: RHB Carlos Rosales
|
0-0: Called Strike 0-1: Swinging Strike 0-2: Ball 1-2: Strikes out swinging
|
Bottom of the 4th over - 0 run(s), 0 hit(s), 0 error(s), 0 left on base; Pittsburgh 0 - Fremont 2 |
TOP OF THE 5TH |
Pittsburgh Killa Beez batting - Pitching for Fremont Cyclones : RHP Larry Johnston
|
Batting: LHB Dale Miller
|
0-0: Swinging Strike 0-1: Ball 1-1: Foul Ball, location: 2F 1-2: Ball 2-2: Strikes out swinging
|
Batting: RHB Fernando Vázquez
|
0-0: Called Strike 0-1: Foul Ball, location: 2F 0-2: Ball 1-2: Ground out 6-3 (Groundball, 6)
|
Batting: RHB Kyle Baylor
|
0-0: Reaches on Catchers interference
|
Batting: RHB César Martínez
|
0-0: Ball 1-0: Ball 2-0: Called Strike 2-1: Foul Ball, location: 2F 2-2: Ball 3-2: Foul Ball, location: 2F 3-2: Strikes out looking
|
Top of the 5th over - 0 run(s), 0 hit(s), 1 error(s), 1 left on base; Pittsburgh 0 - Fremont 2 |
BOTTOM OF THE 5TH |
Fremont Cyclones batting - Pitching for Pittsburgh Killa Beez : LHP António Ruíz
|
Batting: SHB Arnold Moore
|
0-0: Called Strike 0-1: Swinging Strike 0-2: Ball 1-2: DOUBLE (Flyball, 9LM)
|
Batting: RHB Pablo Pineda
|
0-0: Intentional Walk
|
Batting: RHB Robinson Fernández
|
0-0: Called Strike 0-1: Called Strike 0-2: Ball 1-2: Foul Ball, location: 2F 1-2: Ball 2-2: Foul Ball, location: 2F 2-2: Grounds into double play, 4-6-3 (Groundball, 4) Arnold Moore to third
|
Batting: LHB Ernesto Hernández
|
0-0: Ball 1-0: Ball 2-0: Foul Ball, location: 2F 2-1: Ground out U3 (Groundball, 3)
|
Bottom of the 5th over - 0 run(s), 1 hit(s), 0 error(s), 1 left on base; Pittsburgh 0 - Fremont 2 |
TOP OF THE 6TH |
Pittsburgh Killa Beez batting - Pitching for Fremont Cyclones : RHP Larry Johnston
|
Batting: RHB Stan Taylor
|
0-0: Called Strike 0-1: SINGLE (Groundball, 6)
|
Batting: RHB Jorge Barbosa
|
0-0: Ball 1-0: Swinging Strike 1-1: Grounds into double play, 5-4-3 (Groundball, 56)
|
Batting: LHB Richard Hinkle
|
0-0: Called Strike 0-1: Fly out, F7 (Flyball, 7S)
|
Top of the 6th over - 0 run(s), 1 hit(s), 0 error(s), 0 left on base; Pittsburgh 0 - Fremont 2 |
BOTTOM OF THE 6TH |
Fremont Cyclones batting - Pitching for Pittsburgh Killa Beez : LHP António Ruíz
|
Pitching: RHP Héctor Bernard
|
|
Batting: LHB Justin Holland
|
0-0: Fly out, F8 (Flyball, 8LS)
|
Batting: RHB Brian Stewart
|
0-0: Ball 1-0: Foul Ball, location: 2F 1-1: Called Strike 1-2: Fly out, F3 (Line Drive, 3)
|
Batting: RHB Jaime Delgado
|
0-0: Foul Ball, location: 2F 0-1: Foul Ball, location: 2F 0-2: Ball 1-2: Strikes out swinging
|
Bottom of the 6th over - 0 run(s), 0 hit(s), 0 error(s), 0 left on base; Pittsburgh 0 - Fremont 2 |
TOP OF THE 7TH |
Pittsburgh Killa Beez batting - Pitching for Fremont Cyclones : RHP Larry Johnston
|
Batting: SHB Juan Glaviz
|
0-0: Foul Ball, location: 2F 0-1: SINGLE (Line Drive, 34D)
|
Batting: RHB Ricardo Rodríguez
|
0-0: Ball Juan Glaviz is caught stealing 2nd base 1-0: Called Strike 1-1: Ground out 1-3 (Groundball, 13S)
|
Batting: LHB Dale Miller
|
0-0: SOLO HOME RUN (Flyball, 9D), Distance : 378 ft
|
Batting: RHB Fernando Vázquez
|
0-0: Ball 1-0: Swinging Strike 1-1: Foul Ball, location: 2F 1-2: Strikes out swinging
|
Top of the 7th over - 1 run(s), 2 hit(s), 0 error(s), 0 left on base; Pittsburgh 1 - Fremont 2 |
BOTTOM OF THE 7TH |
Fremont Cyclones batting - Pitching for Pittsburgh Killa Beez : RHP Héctor Bernard
|
Batting: RHB Nelson Burton
|
0-0: DOUBLE (Flyball, 7LM)
|
Batting: RHB Carlos Rosales
|
0-0: Ball 1-0: Ball 2-0: Ball 3-0: Foul Ball, location: 2F 3-1: Base on Balls
|
Batting: SHB Arnold Moore
|
0-0: Swinging Strike 0-1: Foul Ball, location: 2F 0-2: Ball 1-2: Foul Ball, location: 2F 1-2: Foul Ball, location: 2F 1-2: Ball 2-2: Strikes out looking
|
Batting: RHB Pablo Pineda
|
0-0: Ball 1-0: Called Strike 1-1: Foul Ball, location: 2F 1-2: Ground out 6-3 (Groundball, 4MS) Nelson Burton to third Carlos Rosales to second
|
Pitching: RHP Kirby Graham
|
|
Pinch Hitting: LHB Sergio Fernández
|
0-0: Foul Ball, location: 2F 0-1: Ball 1-1: Ball 2-1: Fly out, F8 (Flyball, 8LD)
|
Bottom of the 7th over - 0 run(s), 1 hit(s), 0 error(s), 2 left on base; Pittsburgh 1 - Fremont 2 |
TOP OF THE 8TH |
Pittsburgh Killa Beez batting - Pitching for Fremont Cyclones : RHP Larry Johnston
|
Pitching: RHP Jesús Ramírez
|
|
Now at SS: Carlos Peralta
|
|
Batting: RHB Kyle Baylor
|
0-0: Called Strike 0-1: DOUBLE (Groundball, 5L)
|
Batting: RHB César Martínez
|
0-0: Called Strike 0-1: Ball 1-1: Foul Ball, location: 2F 1-2: 2-RUN HOME RUN (Flyball, 78XD), Distance : 403 ft
|
Batting: RHB Stan Taylor
|
0-0: Foul Ball, location: 2F 0-1: Ball 1-1: Ball 2-1: SINGLE (Line Drive, 4D)
|
Batting: RHB Jorge Barbosa
|
0-0: Ball 1-0: Bunted foul 1-1: Bunt missed! 1-2: DOUBLE (Flyball, 7M) Stan Taylor to third Runner from 3rd tries for Home, throw and OUT!
|
Batting: LHB Richard Hinkle
|
0-0: Intentional Walk
|
Batting: SHB Juan Glaviz
|
0-0: Fly out, F5 (Popup, 5S)
|
Batting: RHB Ricardo Rodríguez
|
0-0: Ball 1-0: Foul Ball, location: 2F 1-1: Called Strike 1-2: Foul Ball, location: 2F 1-2: Ball 2-2: Ball 3-2: Base on Balls Jorge Barbosa to third Richard Hinkle to second
|
Batting: LHB Dale Miller
|
0-0: Fielders Choice at 2nd, U6 (Groundball, 6M)
|
Top of the 8th over - 2 run(s), 4 hit(s), 0 error(s), 3 left on base; Pittsburgh 3 - Fremont 2 |
BOTTOM OF THE 8TH |
Fremont Cyclones batting - Pitching for Pittsburgh Killa Beez : RHP Kirby Graham
|
Pitching: RHP Earnest Bernhardt
|
|
Batting: LHB Ernesto Hernández
|
0-0: Ball 1-0: Ground out 4-3 (Groundball, 34)
|
Pitching: LHP Bob Franklin
|
|
Batting: LHB Justin Holland
|
0-0: Called Strike 0-1: Ball 1-1: Called Strike 1-2: Ball 2-2: Foul Ball, location: 2F 2-2: Foul Ball, location: 2F 2-2: Foul Ball, location: 2F 2-2: Strikes out swinging
|
Pitching: RHP Tomás Viña
|
|
Batting: RHB Brian Stewart
|
0-0: Ball 1-0: Swinging Strike 1-1: Swinging Strike 1-2: Reached on error, E6 (Groundball, 6)
|
Pinch Hitting: LHB Alberto Roberts
|
0-0: Called Strike 0-1: Fly out, F5 (Popup, 13)
|
Bottom of the 8th over - 0 run(s), 0 hit(s), 1 error(s), 1 left on base; Pittsburgh 3 - Fremont 2 |
TOP OF THE 9TH |
Pittsburgh Killa Beez batting - Pitching for Fremont Cyclones : RHP Jesús Ramírez
|
Now in LF: Alberto Roberts
|
|
Batting: RHB Fernando Vázquez
|
0-0: Foul Ball, location: 2F 0-1: Ground out 6-3 (Groundball, 6)
|
Batting: RHB Kyle Baylor
|
0-0: Ball 1-0: Ball 2-0: Ball 3-0: Called Strike 3-1: Base on Balls
|
Batting: RHB César Martínez
|
0-0: Ball 1-0: Fly out, F7 (Line Drive, 7LM)
|
Batting: RHB Stan Taylor
|
0-0: Ball 1-0: Ball 2-0: Ball 3-0: Called Strike 3-1: Foul Ball, location: 2F 3-2: Foul Ball, location: 2F 3-2: Strikes out looking
|
Top of the 9th over - 0 run(s), 0 hit(s), 0 error(s), 1 left on base; Pittsburgh 3 - Fremont 2 |
BOTTOM OF THE 9TH |
Fremont Cyclones batting - Pitching for Pittsburgh Killa Beez : RHP Tomás Viña
|
Pitching: RHP Carlos Gabriel
|
|
Pinch Hitting: LHB Clayton Bailey
|
0-0: Ball 1-0: Foul Ball, location: 2F 1-1: SINGLE (Line Drive, 56D)
|
Batting: RHB Carlos Rosales
|
0-0: Called Strike 0-1: Sac Bunt - play at first, batter OUT! 1-3 Clayton Bailey to second
|
Batting: SHB Arnold Moore
|
0-0: Swinging Strike 0-1: Ball 1-1: Ball 2-1: Ball 3-1: Base on Balls
|
Batting: RHB Pablo Pineda
|
0-0: Ball 1-0: Called Strike 1-1: Ball 2-1: Ball 3-1: SINGLE (Groundball, 56D) Clayton Bailey to third Arnold Moore to second
|
Pinch Hitting: RHB Ronald Smith
|
0-0: Ball 1-0: Swinging Strike 1-1: Ball 2-1: Called Strike 2-2: Foul Ball, location: 2F 2-2: SINGLE (Groundball, 23) (infield hit) Clayton Bailey scores Arnold Moore to third Pablo Pineda to second
|
Batting: LHB Ernesto Hernández
|
0-0: Grounds into fielders choice 6-2 (Groundball, 6) Pablo Pineda to third Ronald Smith to second
|
Batting: LHB Justin Holland
|
0-0: Ball 1-0: Called Strike 1-1: SINGLE (Groundball, 5D) Pablo Pineda scores
|
Monday, December 5th, 2016 - OOTP Baseball 17.12 Build 75
|
|